 Dungeon Crawl Stone Soup version 0.24-a0-536-gdd4cf15266 (webtiles) character file.

Game seed: 7701980997357852010

60 Peloso the Covered (level 3, -9/33 HPs)
             Began as a Minotaur Fighter on Aug 11, 2019.
             Mangled by a gnoll
             ... wielding a +0 halberd
              (10 damage)
             ... on level 1 of the Dungeon.
             The game lasted 00:01:59 (874 turns).

Peloso the Covered (Minotaur Fighter)                Turns: 874, Time: 00:02:00

Health: -9/33      AC:  7    Str: 20    XL:     3   Next: 80%
Magic:  0/2        EV:  7    Int:  5    God:
Gold:   88         SH:  9    Dex: 10    Spells: 2/2 levels left

rFire    . . .     SeeInvis .   a - +0 long sword
rCold    . . .     Gourm    .   c - +0 shield
rNeg     . . .     Faith    .   b - +0 scale mail
rPois    .         Spirit   +   (helmet restricted)
rElec    .         Reflect  .   (no cloak)
rCorr    .         Harm     .   (no gloves)
MR       .....                  (no boots)
Stlth    ..........             l - amulet of guardian spirit
HPRegen  0.11/turn              (no ring)
MPRegen  0.08/turn              (no ring)

@: no status effects
A: retaliatory headbutt, horns 2
a: no special abilities


You were on level 1 of the Dungeon.
You were not hungry.

You visited 1 branch of the dungeon, and saw 2 of its levels.

You collected 88 gold pieces.

Inventory:

Hand Weapons
 a - a +0 long sword (weapon)
Armour
 b - a +0 scale mail (worn)
 c - a +0 shield (worn)
Jewellery
 l - an amulet of guardian spirit (around neck)
Scrolls
 e - a scroll of magic mapping {unknown}
 g - a scroll of noise {unknown}
 h - a scroll of amnesia {unknown}
 i - 2 scrolls of remove curse {unknown}
 j - a scroll of fog {unknown}
 k - 2 scrolls of teleportation {unknown}
Potions
 d - a potion of might
 m - 2 potions of curing {unknown}
 n - a potion of flight {unknown}
 o - 2 potions of degeneration {unknown}
 p - a potion of berserk rage {unknown}
Comestibles
 f - 2 rations
 q - 2 chunks of flesh


   Skills:
 + Level 4.0 Fighting
 + Level 3.1 Long Blades
 + Level 4.4 Armour
 + Level 0.3 Dodging
 + Level 0.2 Stealth
 + Level 4.2 Shields


You had 2 spell levels left.
You didn't know any spells.
Your spell library was empty.

Dungeon Overview and Level Annotations

Branches:
Dungeon (2/15)

Altars:


Innate Abilities, Weirdness & Mutations

You reflexively headbutt those who attack you in melee.
You have a pair of horns on your head.


Message History

There is a stone staircase leading up here.
The gnoll hits you from afar with a +0 spear.
The gnoll hits you with a +0 halberd!
There is a stone staircase leading up, spattered with blood here.
The gnoll hits you from afar with a +0 spear.
You climb upwards.
There is a stone staircase leading down here.
You slash the gnoll!
The gnoll is severely wounded.
The gnoll hits you with a +0 halberd!
* * * LOW HITPOINT WARNING * * *
The gnoll hits you with a +0 halberd.
* * * LOW HITPOINT WARNING * * *
You closely miss the gnoll. Your headbutt misses the gnoll.
The gnoll is severely wounded.
You block the gnoll's attack.
You hit the gnoll but do no damage.
The gnoll is severely wounded.
The gnoll hits you with a +0 halberd!
You die...

...#........###..##...#........#
..>#.........##................#
......................#........#
##....................#.......>#
#........##....................#
..#....###............#........#
####.#..##.............####.####
##.รท............)............##
#).#..##.##.....@g....###.#...###
..........#....##.....#.........#
...............##.....#..........
.###..###......######........#...
## #.## #......#######.......###.
# #.# ###.##......###......# #. #
#.# #..................# ##
####.# ##..........#).....####
...#.# #.....................


You could see a gnoll.

Vanquished Creatures
  2 gnolls (D:1)
  An ooze (D:1)
  A worm (D:2)
  A dart slug (D:1)
  A leopard gecko (D:1)
  4 bats (D:1)
  A giant cockroach (D:1)
  3 goblins (D:1)
  7 hobgoblins
  3 kobolds
  2 frilled lizards (D:1)
  3 rats (D:1)
29 creatures vanquished.

Notes
Turn   | Place    | Note
-------+----------+-------------------------------------------
     0 | D:1      | Peloso the Minotaur Fighter began the quest for the Orb.
     0 | D:1      | Reached XP level 1. HP: 19/19 MP: 0/0
    49 | D:1      | Reached XP level 2. HP: 24/27 MP: 1/1
   206 | D:1      | Reached XP level 3. HP: 33/33 MP: 2/2
   872 | D:1      | HP: 1/33 [gnoll/+0 halberd (5)]
   874 | D:1      | Mangled by a gnoll

Levels and vault maps discovered:
D:1:      eino_arrival_cavern_b, layout_rooms, minmay_small_reverse_x
D:2:      layout_basic, dk_noncrumbling_3, uniq_robin

Skill      XL: |  1  2  3 |
---------------+----------+-----
Shields        | 4 |  4.2
Fighting       | 4 |  4.0
Armour         | 4 |  4.4
Long Blades    | 3 |  3.1
Dodging        | |  0.3
Stealth        | |  0.2

Action                   || total
-------------------------++-------
Melee: Long sword        ||    75
       Headbutt          ||     9
Armor: Scale mail        ||    35
Dodge: Dodged            ||    33
Block: Shield            ||    53
       Rpst.: Long sword ||     9

Table legend:
 A = Non-vault XP
 B = Vault XP
 C = Vault XP percentage of total XP
 D = Non-vault monster count
 E = Vault monster count
 F = Vault count percentage of total count
                 A         B        C        D         E       F
            +---------+---------+-------+---------+---------+-------
      Total |      74 |      12 |  14.0 |      25 |       4 |  13.8
            +---------+---------+-------+---------+---------+-------
        D:1 |      65 |      12 |  15.6 |      22 |       4 |  15.4
        D:2 |       9 |       0 |   0.0 |       3 |       0 |   0.0
            +---------+---------+-------+---------+---------+-------
